 Dungeon Crawl Stone Soup version 0.29.1-2-gbd0b4ee654 (webtiles) character file.

Game seed: 11197024486212977789

149 whiskeysaurus the Ruffian (level 5, 0/53 HPs)
             Began as a Troll Fighter on Nov 3, 2022.
             Was an Initiate of Wu Jian.
             Slain by an ogre
             ... wielding a +0 giant club
              (29 damage)
             ... on level 4 of the Dungeon.
             The game lasted 00:06:59 (1839 turns).

whiskeysaurus the Ruffian (Troll Fighter)           Turns: 1839, Time: 00:07:00

Health: 0/53       AC:  4    Str: 26    XL:     5   Next: 9%
Magic:  4/4        EV:  8    Int:  4    God:    Wu Jian [......]
Gold:   106        SH:  7    Dex:  9    Spells: 4/4 levels left

rFire   . . .      SeeInvis .     - Unarmed
rCold   . . .      Faith    .   b - +0 kite shield
rNeg    . . .      Spirit   .   a - +0 robe
rPois   .          Reflect  .   (helmet restricted)
rElec   .          Harm     .   (no cloak)
rCorr   .          Rampage  .   (gloves unavailable)
Will    .....                   (boots unavailable)
Stlth   +.........              (no amulet)
HPRegen 0.97/turn               (no ring)
MPRegen 0.09/turn               (no ring)

@: no status effects
A: large, unfitting armour, claws 3, regeneration 1, shaggy fur 1, tough skin 1
a: Renounce Religion


You were on level 4 of the Dungeon.
You worshipped Wu Jian.
Wu Jian was noncommittal.
You visited 2 branches of the dungeon, and saw 5 of its levels.

You collected 106 gold pieces.

Inventory:

Missiles
 e - 3 boomerangs
 h - 16 stones
 o - a poisoned dart (quivered)
Armour
 a - a +0 robe (worn)
 b - a +0 kite shield (worn)
Jewellery
 s - a +6 ring of intelligence
Wands
 j - a wand of mindburst (19)
 m - a wand of iceblast (3)
Scrolls
 d - 6 scrolls of identify {unknown}
 g - 2 scrolls of teleportation {unknown}
 i - 2 scrolls of poison {unknown}
 l - a scroll of silence {unknown}
 n - 3 scrolls of amnesia {unknown}
 p - a scroll of enchant armour {unknown}
 r - a scroll of blinking {unknown}
Potions
 c - a potion of might
 f - 4 potions of curing {unknown}
 k - a potion of haste {unknown}
 q - a potion of resistance {unknown}


   Skills:
 + Level 3.1 Fighting
 + Level 3.1 Dodging
 - Level 2.6 Shields
 * Level 4.0 Unarmed Combat


You had 4 spell levels left.
You didn't know any spells.
Your spell library contained the following spells:

 Spells                   Type           Power      Damage    Failure   Level
 Sandblast                Erth           0%         2d4       80%         1
 Summon Small Mammal      Summ           0%         N/A       80%         1
 Ensorcelled Hibernation  Hex/Ice        0%         N/A       91%         2
 Passwall                 Tmut/Erth      0%         N/A       91%         2
 Call Canine Familiar     Summ           0%         N/A       99%         3
 Inner Flame              Hex/Fire       0%         N/A       99%         3
 Stone Arrow              Conj/Erth      0%         3d7       99%         3
 Summon Guardian Golem    Hex/Summ       0%         N/A       99%         3
 Swiftness                Air            0%         N/A       99%         3
 Cause Fear               Hex            0%         N/A       100%        4
 Fulminant Prism          Conj/Hex       0%         3d6       100%        4
 Iskenderun's Mystic Bla  Conj/Tloc      0%         2d3       100%        4
 Lee's Rapid Deconstruct  Erth           0%         3d5*      100%        5
 Discord                  Hex            0%         N/A       100%        8


Dungeon Overview and Level Annotations

Branches:
Dungeon (4/15)             Temple (1/1) D:4

Altars:
Ashenzari
Dithmenos
Fedhas
Gozag
Hepliaklqana
Kikubaaqudgha
Makhleb
Nemelex Xobeh
Okawaru
Ru
Sif Muna
Uskayaw
Vehumet
Wu Jian
Xom
Zin
The Shining One


Innate Abilities, Weirdness & Mutations

You are too large for most types of armour.
You have claws for hands.
Your natural rate of healing is unusually fast.
You are covered in fur. (AC +1)
You have tough skin. (AC +1)


Message History

The bullfrog hits you but does no damage.
The bullfrog barely misses you.
You barely miss the bullfrog.
The bullfrog is moderately wounded.
You block the bullfrog's attack. The bullfrog hits you.
The bullfrog attacks as you move away! The bullfrog hits you.
* * * LOW HITPOINT WARNING * * *
You feel very mighty all of a sudden. You block the bullfrog's attack.
The bullfrog hits you.
* * * LOW HITPOINT WARNING * * *
You claw the bullfrog!
The bullfrog is almost dead.
You block the bullfrog's attack.
You closely miss the bullfrog.
The bullfrog is almost dead.
You block the bullfrog's attack. The bullfrog closely misses you.
You claw the bullfrog!
You kill the bullfrog!
The Council accepts your kill.
Your Unarmed Combat skill increases to level 4!
You have reached level 5!
There is a shadowy altar of Dithmenos here.
There is a staircase back to the Dungeon, spattered with blood here.
HP restored.
Found a radiant altar of Vehumet.
You enter the shallow water.
Moving in this stuff is going to be slow.
There is a staircase back to the Dungeon, spattered with blood here.
You feel a little less mighty now.
You climb upwards.
Welcome back to the Dungeon!
The ogre hits you with a +0 giant club!!
There is a staircase to the Ecumenical Temple, spattered with blood here.
You claw the ogre!
The ogre is moderately wounded.
The ogre barely misses you.
You claw the ogre!
The ogre is severely wounded.
The ogre hits you with a +0 giant club!!
Ouch! That really hurt!
You die...

...........#......#
...####.#.........#
..............#..##
###.....###......#
..#~~~~~~~~~#..###.#
#.#~#.....#~#......#
#.#..~.......~...#####
#..?.~..O....~.รท....#
#...~...@...~..#####
#..~.......~..# ..
#..~.......~..# ..
#.#~#..)..#~#.#
#(##.#~~~~~~~~~#.#
#....###....)###.#
#..............#
#.....#..#####.##
.......#.#..........


You could see an ogre.

Vanquished Creatures
  A bullfrog (Temple)
  Ijyb (D:3)
  2 worms (D:2)
  A dart slug (D:3)
  4 orcs (D:3)
  5 bats
  6 endoplasms
  2 giant cockroaches
  6 goblins
  5 hobgoblins
  7 kobolds
  A quokka (D:1)
  2 ball pythons (D:3)
  3 frilled lizards
  2 rats
48 creatures vanquished.

Notes
Turn   | Place    | Note
-------+----------+-------------------------------------------
     0 | D:1      | whiskeysaurus the Troll Fighter began the quest for the
                  | Orb.
     0 | D:1      | Reached XP level 1. HP: 22/22 MP: 0/0
   176 | D:1      | Reached XP level 2. HP: 29/29 MP: 1/1
   240 | D:1      | Found a faded altar of an unknown god.
   622 | D:2      | Identified the +10 short sword of the Maze {drain, rPois
                  | rF- rCorr Stlth+}
   851 | D:2      | Reached XP level 3. HP: 36/36 MP: 2/2
   929 | D:3      | Noticed Ijyb
   949 | D:3      | Killed Ijyb
   950 | D:3      | Reached skill level 3 in Unarmed Combat
   988 | D:3      | Found a burning altar of Makhleb.
  1203 | D:3      | Reached XP level 4. HP: 44/44 MP: 3/3
  1220 | D:3      | Found a glowing golden altar of the Shining One.
  1587 | D:4      | Noticed a bullfrog
  1619 | D:4      | Found a staircase to the Ecumenical Temple.
  1641 | Temple   | Entered the Ecumenical Temple
  1677 | Temple   | Became a worshipper of the Wu Jian Council
  1754 | D:4      | Noticed an ogre
  1779 | Temple   | Killed a bullfrog
  1780 | Temple   | Reached skill level 4 in Unarmed Combat
  1780 | Temple   | Reached XP level 5. HP: 13/53 MP: 4/4
  1839 | D:4      | Slain by an ogre

Illustrated notes

Levels and vault maps discovered:
D:1:      kennysheep_arrival_forest, layout_basic,
          shapermc_ecumenical_altar_flowoftime
D:2:      layout_rooms, minmay_heptomino_w4
D:3:      layout_loops_ring, mainiacjoe_overflow_catwalk, lemuel_tele_altar,
          uniq_ijyb
D:4:      layout_basic, mainiacjoe_overflow_24_doors,
          minmay_temple_entry_water_ring, uniq_pikel
Temple:   nicolae_temple_bog_church

Skill      XL: |  1  2  3  4 |
---------------+-------------+-----
Unarmed Combat | 3 4 |  4.0
Dodging        | 3 |  3.1
Fighting       | 3 |  3.1
Shields        | |  2.6

Action                   |  1- 3 |  4- 6 || total
-------------------------+-------+-------++-------
Melee: Unarmed           |    88 |    45 ||   133
Throw: Boomerang         |    11 |       ||    11
       Dart              |       |     2 ||     2
Invok: Lunge             |       |     1 ||     1
  Use: Potion            |       |     1 ||     1
Armor: Robe              |    32 |     8 ||    40
Dodge: Dodged            |    27 |    11 ||    38
Block: Kite shield       |    26 |    17 ||    43
